 Dungeon Crawl Stone Soup version 0.29.1-2-gbd0b4ee654 (webtiles) character file.

Game seed: 15040531211205621516

230 KittyFluff the Cudgeller (level 6, -1/57 HPs)
             Began as a Gargoyle Berserker on Nov 16, 2022.
             Was a Priest of Trog.
             Slain by a killer bee (6 damage)
             ... on level 4 of the Dungeon.
             The game lasted 00:15:43 (5008 turns).

KittyFluff the Cudgeller (Gargoyle Berserker)       Turns: 5008, Time: 00:15:44

Health: -1/57      AC:  8    Str: 21    XL:     6   Next: 3%
Magic:  6/6        EV: 12    Int:  7    God:    Trog [***...]
Gold:   161        SH:  0    Dex: 11    Spells: 5/5 levels left

rFire   . . .      SeeInvis .   a - +0 mace
rCold   . . .      Faith    .   (no shield)
rNeg    + . .      Spirit   .   b - +0 animal skin
rPois   ∞          Reflect  .   x - +0 helmet
rElec   +          Harm     .   r - scarf {+Inv}
rCorr   .          Rampage  .   (no gloves)
Will    .....                   l - +0 pair of boots
Stlth   ..........              (no amulet)
HPRegen 0.19/turn               (no ring)
MPRegen 0.10/turn               (no ring)

@: berserking, very quick
A: sickness immunity, AC +4, negative energy resistance 1, electricity
resistance, torment resistance 1, petrification resistance
a: Renounce Religion, Evoke Invisibility, Berserk, Trog's Hand


You were on level 4 of the Dungeon.
You worshipped Trog.
Trog was most pleased with you.
You visited 1 branch of the dungeon, and saw 4 of its levels.

You collected 161 gold pieces.

Inventory:

Hand Weapons
 a - a +0 mace (weapon)
 w - a +3 sling
Missiles
 k - 2 boomerangs of dispersal (quivered)
Armour
 b - a +0 animal skin (worn)
 c - an orb of mayhem
 l - a +0 pair of boots (worn)
 r - a scarf of invisibility (worn)
 s - a +0 leather armour
 x - a +0 helmet (worn)
Wands
 v - a wand of polymorph (3)
Scrolls
 d - a scroll of amnesia {unknown}
 f - 2 scrolls of identify {unknown}
 j - a scroll of fear {unknown}
 m - 2 scrolls of fog {unknown}
 n - 2 scrolls of immolation {unknown}
 o - a scroll of teleportation {unknown}
 p - a scroll of enchant armour {unknown}
 q - a scroll of magic mapping {unknown}
 u - a scroll of poison {unknown}
 y - a scroll of silence {unknown}
Potions
 e - 3 potions of resistance {unknown}
 g - a potion of lignification {unknown}
 h - a potion of might {unknown}
 i - 2 potions of curing {unknown}
 t - a potion of cancellation {unknown}
 z - a potion of degeneration {unknown}
 A - a potion of mutation {unknown}


   Skills:
 + Level 4.0 Fighting
 + Level 4.7 Maces & Flails
 * Level 3.0 Armour
 + Level 2.4 Dodging
 + Level 1.1 Stealth
 + Level 0.1 Unarmed Combat
 * Level 1.4 Evocations


You had 5 spell levels left.
You didn't know any spells.
Your spell library was empty.

Dungeon Overview and Level Annotations

Branches:
Dungeon (4/15)
 Temple: D:4-7

Altars:
Ashenzari
The Shining One

Shops:
D:2 (


Innate Abilities, Weirdness & Mutations

You are immune to sickness and miasma.
Your stone body is resilient. (AC +4)
You are immune to poison.
You resist negative energy. (rN+)
You are resistant to electric shocks. (rElec)
You are resistant to unholy torment.
You are immune to petrification.


Message History

There is an open door here.
Items here: )) [ ††.
You see here a dart slug corpse.
Found an escape hatch in the floor.
Found a stone staircase leading down.
As you open the door, it creaks loudly! 2 killer bees come into view.
The killer bee buzzes angrily. x2; You hear an angry buzzing noise.
Found 15 gold pieces.
A killer bee comes into view.
A killer bee comes into view.
The killer bee buzzes angrily.
There is an open door here.
The killer bee stings you!
The killer bee stings you but does no damage.
The killer bee closely misses you. The killer bee barely misses you.
The killer bee misses you. The killer bee stings you!
The killer bee attacks as you move away!
The killer bee stings you. x2
The killer bee stings you but does no damage.
The killer bee stings you! x2
* * * LOW HITPOINT WARNING * * *
The killer bee stings you but does no damage.
The killer bee misses you. The killer bee completely misses you.
The killer bee misses you.
There is an open door here.
The killer bee attacks as you move away!
The killer bee barely misses you.
A red film seems to cover your vision as you go berserk!
You feel yourself moving faster!
You feel mighty! The killer bee stings you.
* * * LOW HITPOINT WARNING * * *
The killer bee barely misses you. The killer bee misses you.
You closely miss the killer bee.
The killer bee stings you but does no damage.
The killer bee closely misses you. The killer bee misses you.
The killer bee stings you but does no damage.
The killer bee closely misses you.
The killer bee stings you but does no damage.
You closely miss the killer bee. The killer bee stings you.
You die...

#...#
....##...##+
#...##$.. #..
#........ #..
#........ +.
#........ #
#...########
#...#......# .
##y###>.....#...
#y@y..........~.
#............~~≈
#...........~~.~
#.....##..~.P≈~~
#.....##...~≈~≈≈
####..#..~≈P≈≈≈≈
##...~~≈≈≈~~P
##...~~≈≈~P~~
#..~~~≈≈≈~P~.


You could see 3 killer bees.

Vanquished Creatures
  A necrophage (D:4)
  Robin (D:3)
  2 adders
  4 dart slugs
  14 orcs
  9 bats
  6 endoplasms
  6 giant cockroaches
  19 goblins
  8 hobgoblins
  5 jackals (D:2)
  2 kobolds
  3 quokkas
  12 ball pythons
  6 frilled lizards
  6 rats
104 creatures vanquished.

Vanquished Creatures (others)
  A rat (D:1)
  A plant (D:4)
2 creatures vanquished.

Grand Total: 106 creatures vanquished

Notes
Turn   | Place    | Note
-------+----------+-------------------------------------------
     0 | D:1      | KittyFluff the Gargoyle Berserker began the quest for the
                  | Orb.
     0 | D:1      | Reached XP level 1. HP: 14/14 MP: 1/1
   405 | D:1      | Reached XP level 2. HP: 19/19 MP: 2/2
   951 | D:1      | Reached XP level 3. HP: 23/23 MP: 3/3
  1056 | D:1      | Reached ** piety under Trog
  1977 | D:2      | Found Qeickoi's Weapon Shop.
  2137 | D:2      | Reached XP level 4. HP: 20/29 MP: 4/4
  3068 | D:3      | Found a faded altar of an unknown god.
  3227 | D:3      | Found a broken altar of Ashenzari.
  3384 | D:3      | Noticed Robin
  3413 | D:3      | Killed Robin
  3414 | D:3      | Reached XP level 5. HP: 28/33 MP: 5/5
  3541 | D:3      | Found a glowing golden altar of the Shining One.
  4317 | D:4      | Reached skill level 1 in Evocations
  4562 | D:4      | Reached skill level 1 in Stealth
  4808 | D:4      | Reached XP level 6. HP: 38/38 MP: 6/6
  4864 | D:4      | Reached *** piety under Trog
  5008 | D:4      | Slain by a killer bee

Illustrated notes

Levels and vault maps discovered:
D:1:      onia_arrival_mini_maze_b, layout_basic,
          nicolae_concentric_dashed_squares_mild, minmay_misc_feat_ornament
D:2:      layout_basic, serial_shops, nicolae_shop_window_shopping
D:3:      layout_basic, mainiacjoe_overflow_catwalk, marbit_many_paths,
          shapermc_ecumenical_altar_flowoftime, minmay_puff, uniq_robin
D:4:      layout_gridville, chequers_big_river, chequers_serial_rivers_room_a,
          minmay_fractal_squares_gapless_5

Skill      XL: |  1  2  3  4  5 |
---------------+----------------+-----
Dodging        | 2 |  2.4
Maces & Flails | 4 |  4.7
Evocations     | 1 |  1.4
Fighting       | 4 |  4.0
Armour         | 3 |  3.0
Stealth        | 1 |  1.1
Unarmed Combat | |  0.1

Action                   |  1- 3 |  4- 6 || total
-------------------------+-------+-------++-------
Melee: Mace              |   148 |   194 ||   342
       Punch             |     2 |     2 ||     4
       Unarmed           |       |     3 ||     3
Invok: Berserk           |       |     5 ||     5
 Stab: Sleeping          |     1 |     1 ||     2
Armor: Animal skin       |    61 |    88 ||   149
Dodge: Dodged            |   128 |   146 ||   274
